 Dungeon Crawl Stone Soup version 0.22-a0-354-g30dfbe6 (webtiles) character file.

13 Kairos the Skirmisher (level 2, 16/16 HPs)
             Began as a Vine Stalker Fighter on Apr 16, 2018.
             Got out of the dungeon alive.
             The game lasted 00:00:27 (791 turns).

Kairos the Skirmisher (Vine Stalker Fighter)         Turns: 791, Time: 00:00:28

Health: 16/16      AC:  6    Str: 18    XL:     2   Next: 37%
Magic:  3/3        EV:  7    Int:  8    God:
Gold:   45         SH:  9    Dex: 13    Spells: 1/1 levels left

rFire    . . .     SeeInvis .   a - +0 flail
rCold    . . .     Gourm    .   c - +0 shield
rNeg     . . .     Faith    .   b - +0 scale mail
rPois    .         Spirit   +   (no helmet)
rElec    .         Reflect  .   (no cloak)
rCorr    .         Harm     .   (no gloves)
MR       .....                  (no boots)
Stlth    ..........             (no amulet)
HPRegen  0.05/turn              (no ring)
MPRegen  0.08/turn              (no ring)

@: no status effects
A: fangs 2, magic shield, antimagic bite, no potion heal 3, rot immunity
a: no special abilities


You escaped.
You were not hungry.

You visited 1 branch of the dungeon, and saw 1 of its levels.

You collected 45 gold pieces.

Inventory:

Hand Weapons
 a - a +0 flail (weapon)
Armour
 b - a +0 scale mail (worn)
 c - a +0 shield (worn)
Scrolls
 e - 2 scrolls of remove curse
 h - a scroll of enchant armour {unknown}
 i - a scroll of immolation {unknown}
Potions
 d - a potion of might
 g - a potion of curing {unknown}
 j - a potion of agility {unknown}
 k - a potion of degeneration {unknown}
Comestibles
 f - a ration


   Skills:
 + Level 2.9 Fighting
 + Level 2.0 Maces & Flails
 + Level 2.6 Armour
 + Level 2.8 Shields


You had one spell level left.
You didn't know any spells.

Dungeon Overview and Level Annotations

Branches:
Dungeon (1/15)

Altars:


Innate Abilities, Weirdness & Mutations

You have extremely sharp teeth.
When hurt, damage is shared between your health and your magic reserves.
Your bite disrupts and absorbs the magic of your enemies.
Potions cannot restore your health.
You are immune to rotting.


Message History

Key pressed, stopping explore.
No target in view!
No target in view!
Found a plate armour.
Done exploring.
No target in view!
No target in view!
No target in view!
Done exploring.
Done exploring.
Done exploring.
You found a teleport trap!
As you read the scroll labeled GIURYSH XA NIO, it crumbles to dust.
You feel blessed for a moment.
It was a scroll of remove curse.
You see here a whip.
You see here 11 bolts.
There is a staircase leading out of the dungeon here.
Unknown command.
Are you sure you want to leave the Dungeon?
This will make you lose the game!
You have escaped!

####.## #........#.# ##...##..#
.##...####.#######.# ##.###..#
.#.........# #.# ### #..#
.#..#####..#######.####### #..#
.#..# #........#...#...# #..#
.#..# #....###.###.#.#.### #..#
.#(.# #.##.#.#...#...#...# #..#
.#..#####.##.#.###.#.#####.# #..#
.#........##.#.#@#...# #..###..#
.#.#########.#.#.##### ##.#....#
.#.# #.#.#...# #.#....#
...#########.#.###.# #####.....
.............#.....# #...#...).
.###############.#######.#.#.#.#.
.# ### #...#.....#.###.#. .####
#.# ###.###.###.# #.#. .รท..##
#.# #...#.....#(# #.#.


There were no monsters in sight!

Vanquished Creatures
  A dart slug (D:1)
  2 leopard geckos (D:1)
  2 hobgoblins (D:1)
  A bat (D:1)
  A frilled lizard (D:1)
  2 goblins (D:1)
  A rat (D:1)
10 creatures vanquished.

Notes
Turn   | Place    | Note
-------+----------+-------------------------------------------
     0 | D:1      | Kairos the Vine Stalker Fighter began the quest for the Orb.
     0 | D:1      | Reached XP level 1. HP: 11/11 MP: 2/2
   343 | D:1      | Reached XP level 2. HP: 16/16 MP: 3/3
   791 | D:$      | Got out of the dungeon alive.

Vault maps used:
D:1:      elethiomel_arrival_maze, minmay_strange_pillars

Skill      XL: |  1  2 |
---------------+-------+-----
Maces & Flails | 2 |  2.0
Fighting       | |  2.9
Armour         | |  2.6
Shields        | |  2.8

Action                   || total
-------------------------++-------
Melee: Flail             ||    24
       Bite              ||     4
  Use: Scroll            ||     1
Armor: Scale mail        ||     6
Dodge: Dodged            ||     9
Block: Shield            ||    10

Table legend:
 A = Spawn XP
 B = Non-spawn XP
 C = Spawn XP percentage of total XP
 D = Spawn monster count
 E = Non-spawn monster count
 F = Spawn count percentage of total count
 G = Total turns spent on level
                    A         B        C        D         E        F      G
               +---------+---------+-------+---------+---------+-------+---------
         Total |       0 |      19 |   0.0 |       0 |      10 |   0.0 |   791
               +---------+---------+-------+---------+---------+-------+---------
           D:1 |       0 |      19 |   0.0 |       0 |      10 |   0.0 |   791
               +---------+---------+-------+---------+---------+-------+---------
